 Dungeon Crawl Stone Soup version 0.14.0-12-g87ee3b7 (webtiles) character file.

1745 4tharraofdagon the Arsonist (level 8, -14/41 HPs)
             Began as a Deep Elf Fire Elementalist on Apr 16, 2014.
             Killed from afar by Erolcha (22 damage)
             ... with a bolt of lightning
             ... on Level 9 of the Dungeon.
             The game lasted 00:15:08 (2271 turns).

4tharraofdagon the Arsonist (DEFE)                  Turns: 2271, Time: 00:15:08

HP -14/41        AC  6     Str 10      XL: 8   Next: 66%
MP   2/26        EV 12     Int 26      God:
Gold 111         SH  7     Dex 15      Spells:  6 memorised,  4 levels left

rFire  . . .     SeeInvis .     m - +0 morningstar
rCold  . . .     Clarity  .     a - +0 robe
rNeg   + . .     Conserve .     B - +0 buckler
rPois  .         rCorr    .     (no helmet)
rElec  .         rRot     .     k - +1 cloak
SustAb . .       Spirit   .     e - +1 pair of gloves {archer}
rMut   .         Warding  .     (no boots)
Saprov . . .     Stasis   .     (no amulet)
MR     .....                    p - +3 ring of intelligence
                                F - ring of positive energy

@: mighty, not resistant to hostile enchantments, fairly stealthy
A: no striking features
a: no special abilities


You were on level 9 of the Dungeon.
You were not hungry.

You visited 1 branch of the dungeon, and saw 9 of its levels.

You collected 246 gold pieces.
You spent 135 gold pieces at shops.

Inventory:

Hand weapons
 m - a +0,+0 morningstar (weapon)
Armour
 a - a +0 robe (worn)
 e - a +1 pair of gloves of archery (worn)
 k - a +1 cloak (worn)
 t - the +5 ring mail of Context {Str-3 Acc+4, unknown}
   (You found it on level 5 of the Dungeon)

   It affects your strength (-3).
   It affects your accuracy with ranged weapons and melee attacks (+4).
 y - a steam dragon hide
 B - a +0 buckler (worn)
 E - a +2 leather armour of fire resistance
 I - the +6 scale mail of Pipac {Str+1 Int+1 Acc+3, unknown}
   (You found it on level 4 of the Dungeon)

   It affects your strength (+1).
   It affects your intelligence (+1).
   It affects your accuracy with ranged weapons and melee attacks (+3).
Comestibles
 c - a bread ration
 z - a meat ration
Scrolls
 d - 2 scrolls of noise {unknown}
 h - a scroll of recharging {unknown}
 i - 2 scrolls of enchant weapon I {unknown}
 j - 2 scrolls of amnesia {unknown}
 n - 2 scrolls of fog {unknown}
 o - 4 scrolls of remove curse
 s - 2 scrolls of teleportation
 v - a scroll of blinking {unknown}
 w - a scroll of immolation {unknown}
 x - a scroll of enchant weapon III {unknown}
 C - a scroll of magic mapping {unknown}
 G - a scroll of enchant armour {unknown}
Jewellery
 f - an uncursed ring of teleport control
 g - an uncursed amulet of resist corrosion {unknown}
 p - a +3 ring of intelligence (right hand)
 F - a ring of positive energy (left hand)
Potions
 l - a potion of restore abilities
 q - a potion of poison
Books
 b - a book of Flames

   Spells                             Type                      Level
   *Flame Tongue                      Conjuration/Fire             1
   Throw Flame                        Conjuration/Fire             2
   *Conjure Flame                     Conjuration/Fire             3
   Inner Flame                        Hexes/Fire                   3
   *Sticky Flame                      Conjuration/Fire             4
   *Fireball                          Conjuration/Fire             5
 r - a book of Enchantments

   Spells                             Type                      Level
   Cause Fear                         Hexes                        4
   Silence                            Hexes/Air                    5
   Tukima's Dance                     Hexes                        5
   Deflect Missiles                   Charms/Air                   6
   Haste                              Charms                       6
   Discord                            Hexes                        8
 D - a book of Minor Magic

   Spells                             Type                      Level
   Magic Dart                         Conjuration                  1
   *Blink                             Translocation                2
   Call Imp                           Summoning                    2
   *Repel Missiles                    Charms/Air                   2
   Slow                               Hexes                        2
   *Conjure Flame                     Conjuration/Fire             3
   Mephitic Cloud                     Conjuration/Poison/Air       3


   Skills:
 - Level 2.4 Dodging
 - Level 2.4 Stealth
 + Level 7.3 Spellcasting
 * Level 7.6 Conjurations
 * Level 8.2 Fire Magic


You had 4 spell levels left.
You knew the following spells:

 Your Spells              Type           Power        Failure   Level  Hunger
a - Flame Tongue          Conj/Fire      #####        1%          1    None
b - Conjure Flame         Conj/Fire      ######..     1%          3    None
c - Sticky Flame          Conj/Fire      ######..     2%          4    ##.....
d - Fireball              Conj/Fire      ######....   10%         5    ####...
e - Blink                 Tloc           N/A          14%         2    None
f - Repel Missiles        Chrm/Air       #.....       14%         2    None


Dungeon Overview and Level Annotations

Branches:
Dungeon (9/15)               Lair (0/8) D:9
 Temple: D:4-7          Orc: D:9-12

Altars:

Shops:
D:8 [

Annotations:
D:9 Erolcha


Message History

The giant eyeball stares at you.
You suddenly lose the ability to move!
The rat bites you but does no damage.
You can move again.
You see here a dented jade amulet.
Unknown command.
g - a dented jade amulet The rat misses you.
The yak gores you.
* * * LOW HITPOINT WARNING * * *
The giant eyeball stares at you. You resist.
Unknown command.
Unknown command.
Erolcha tries to grin evilly.
Unknown command.
Unknown command.
Unknown command.
Unknown command.
Erolcha casts a spell at you. The bolt of lightning hits you!
Ouch! That really hurt!
You die...

........## ##.%.......}..
.........###.............
.........................
..........%O..............
...........o..............
..........YY.............
......................#
....................##
..........r.@......#
..........G.......#
$.................#
...####.)...####. ..
........ ...).)....#
........... ......>....
.........


You could see Erolcha, 2 yaks, a giant eyeball, an orc wizard and a rat.

Vanquished Creatures
  A steam dragon (D:7)
  3 wargs (D:9)
  A centaur (D:7)
  2 sky beasts (D:5)
  An ogre (D:4)
  2 giant frogs
  A scorpion (D:9)
  5 wights (D:5)
  2 orc priests
  A centaur skeleton (D:6)
  2 hounds
  2 iguanas
  3 orc wizards
  5 adders
  A shadow imp (D:7)
  A worm (D:2)
  A giant eyeball (D:4)
  16 orcs
  2 ball pythons
  8 bats
  2 giant cockroaches
  8 goblins
  10 hobgoblins
  3 jackals (D:3)
  6 kobolds
  A giant gecko skeleton (D:7)
  2 giant newts
  A hobgoblin zombie (D:5)
  3 quokkas
  6 rats
  A rat skeleton (D:6)
103 creatures vanquished.

Notes
Turn   | Place    | Note
--------------------------------------------------------------
     0 | D:1      | 4tharraofdagon, the Deep Elf Fire Elementalist, began the quest for the Orb.
     0 | D:1      | Reached XP level 1. HP: 10/10 MP: 5/5
    56 | D:1      | Reached XP level 2. HP: 15/15 MP: 1/8
   563 | D:3      | Reached XP level 3. HP: 16/19 MP: 11/11
   612 | D:4      | Learned a level 3 spell: Conjure Flame
   656 | D:5      | Entered Level 5 of the Dungeon
   694 | D:5      | Got a brightly glowing ring mail
   770 | D:4      | Reached skill level 4 in Fire Magic
   770 | D:4      | Reached XP level 4. HP: 12/24 MP: 7/14
   801 | D:5      | Learned a level 4 spell: Sticky Flame
  1074 | D:6      | Reached XP level 5. HP: 28/28 MP: 6/18
  1186 | D:7      | Noticed a centaur
  1192 | D:7      | Killed a centaur
  1192 | D:7      | Reached skill level 5 in Fire Magic
  1192 | D:7      | Reached XP level 6. HP: 27/32 MP: 8/20
  1264 | D:7      | Noticed a steam dragon
  1276 | D:7      | Killed a steam dragon
  1276 | D:7      | Reached skill level 5 in Spellcasting
  1341 | D:7      | Reached skill level 5 in Conjurations
  1439 | D:7      | Reached skill level 6 in Fire Magic
  1441 | D:7      | Reached XP level 7. HP: 24/36 MP: 7/23
  1556 | D:6      | Noticed a giant frog
  1563 | D:6      | Killed a giant frog
  1679 | D:4      | Noticed an ogre
  1694 | D:4      | Got an ancient scale mail
  1733 | D:4      | Killed an ogre
  1848 | D:5      | Learned a level 5 spell: Fireball
  1851 | D:5      | Learned a level 2 spell: Blink
  1854 | D:5      | Learned a level 2 spell: Repel Missiles
  1879 | D:5      | Reached skill level 7 in Fire Magic
  1926 | D:5      | Noticed a sky beast
  1932 | D:5      | Killed a sky beast
  1932 | D:5      | Reached XP level 8. HP: 33/41 MP: 5/25
  1973 | D:5      | Noticed a sky beast
  1986 | D:5      | Killed a sky beast
  2167 | D:8      | Paralysed by a potion of paralysis for 4 turns
  2175 | D:8      | Found Baokhluof's Antique Armour Boutique.
  2180 | D:8      | Bought a pair of glowing gloves for 135 gold pieces
  2223 | D:9      | Found a staircase to the Lair.
  2228 | D:9      | Reached skill level 8 in Fire Magic
  2250 | D:9      | Noticed Erolcha
  2264 | D:9      | Paralysed by a giant eyeball for 3 turns
  2271 | D:9      | Killed from afar by Erolcha

Action                   |  1- 3 |  4- 6 |  7- 9 || total
-------------------------+-------+-------+-------++-------
Melee: Morningstar       |     7 |    25 |     9 ||    41
 Cast: Flame Tongue      |    56 |    54 |    39 ||   149
       Sticky Flame      |       |     6 |     8 ||    14
       Conjure Flame     |       |     1 |     2 ||     3
       Fireball          |       |       |     7 ||     7
  Use: Potion            |     4 |     1 |     6 ||    11
       Scroll            |       |       |     6 ||     6
 Stab: Sleeping          |       |     1 |       ||     1
